[Event "Wednesday April 4 Engine Tour 9 Rd Swiss 12m+1s Starts at 1600hrs ST"]
[Site "Infinity Chess"]
[Date "2018.4.4"]
[Round "9"]
[White "SkyPilot"]
[Black "star99"]
[Result "1/2-1/2 "]
[ECO "C42"]
[WhiteElo "2484"]
[BlackElo "2400"]
[WhiteEngine "stockfish_x64_bmi2_2018_03_30_CTG"]
[BlackEngine "Cryptic Heroes 9.2B"]
[EventType "Swiss"]
[WhiteTeam ""]
[BlackTeam ""]
[PlyCount "233"]
[TimeControl "720+1"]

1. e4 e5 2. Nf3 Nf6 3. Nxe5 d6 4. Nf3 Nxe4 5. d4 d5 6. Bd3 Nc6 7. O-O Be7 
8. c4 Nb4 9. Be2 dxc4 10. Bxc4 O-O 11. Nc3 Nd6 12. Bb3 Bf6 13. Ne5 c6 14. a3 Nd5 
15. Bxd5 cxd5 16. Nxd5 Nf5 17. Nxf6+ Qxf6 18. Re1 h6 19. Be3 Be6 20. Rc1 Rac8 
21. Rc3 Rcd8 22. h3 Rfe8 23. Qf3 Bd5 24. Qg4 a6 25. Rc5 Be6 26. Qe4 Nd6 
27. Qd3 Nf5 28. b4 b6 29. Rc3 Nh4 30. Qf1 b5 31. f3 Bd5 32. Bf2 Ng6 33. Ng4 Qd6 
34. Rxe8+ Rxe8 35. Qd1 Bb7 36. Kh1 Rd8 37. Qd2 Ne7 38. Qe1 Ng6 39. Qd2 Ne7 
40. Qe1 Ng6 41. Qe3 Bd5 42. Rc5 f6 43. Qc1 Bc4 44. Bg1 Ne7 45. Ne3 Be6 
46. Qc2 Bf7 47. Nf1 Bg6 48. Qc3 Kh7 49. Ne3 Qe6 50. Bf2 Kg8 51. Kg1 Qd6 
52. Nd1 Qf4 53. Be3 Qd6 54. Bf2 Qf4 55. Qe1 Nf5 56. Nc3 Nxd4 57. Bg3 Nxf3+ 
58. gxf3 Qxf3 59. Qf2 Qd3 60. Qg2 Kh7 61. Bf2 Qc2 62. Nd5 Qf5 63. h4 Qe5 
64. Ne3 Qf4 65. Rc3 Qe5 66. Rc5 Qf4 67. Rc3 Qe5 68. Be1 Rd3 69. Rxd3 Bxd3 
70. Qf2 Be4 71. Nf1 Qh5 72. Qe3 Qg4+ 73. Bg3 Bd5 74. Nd2 Qf5 75. Bf2 g5 
76. h5 Qg4+ 77. Kf1 Bf7 78. Qe4+ Qxe4 79. Nxe4 f5 80. Nd6 Be6 81. Bd4 f4 
82. Ne4 Bf5 83. Nf6+ Kg7 84. Ng4+ Kh7 85. Ne5 Kg7 86. Kf2 Kg8 87. Kf3 Be6 
88. Ke4 Kf8 89. Ng6+ Kf7 90. Bc5 Kf6 91. Be7+ Kf7 92. Bc5 Kf6 93. Be7+ Kf7 
94. Bf8 Bb3 95. Bxh6 Bc2+ 96. Kd4 Kf6 97. Nxf4 gxf4 98. Bxf4 Kf5 99. Be3 Bd1 
100. h6 Kf6 101. Kc5 Bf3 102. Kb6 Be4 103. Kxa6 Bc6 104. Bd2 Kg6 105. Be3 Bd7 
106. Ka7 Be8 107. Bd2 Bd7 108. Be3 Bh3 109. Kb6 Bd7 110. Bf4 Kh7 111. Kb7 Kg6 
112. Kc7 Be8 113. Kc8 Bc6 114. Kc7 Be8 115. Kb6 Bd7 116. Bd2 Kh7 117. Bg5 
1/2-1/2

[Event "Wednesday April 4 Engine Tour 9 Rd Swiss 12m+1s Starts at 1600hrs ST"]
[Site "Infinity Chess"]
[Date "2018.4.4"]
[Round "9"]
[White "THE_MACHINE"]
[Black "CrapCleaner"]
[Result "1/2-1/2 "]
[ECO "C50"]
[WhiteElo "2490"]
[BlackElo "2420"]
[WhiteEngine "BrainFish_180401_x64_bmi2"]
[BlackEngine "Raubfisch ME262_GTZ16e2_CTG"]
[EventType "Swiss"]
[WhiteTeam ""]
[BlackTeam ""]
[PlyCount "59"]
[TimeControl "720+1"]

1. e4 e5 2. Nf3 Nc6 3. Bc4 Bc5 4. O-O Nf6 5. d3 d6 6. c3 O-O 7. Nbd2 a5 
8. Re1 h6 9. Nf1 a4 10. h3 Ra5 11. Ng3 b5 12. b4 axb3 13. Bxb3 Be6 14. Rb1 Bb6 
15. d4 exd4 16. cxd4 d5 17. e5 Ne4 18. Rb2 b4 19. Nxe4 dxe4 20. Rxe4 Bxb3 
21. Rxb3 Re8 22. Rd3 Rxa2 23. Rg4 Re6 24. Qb3 Ra5 25. d5 Nxe5 26. Bb2 Nxd3 
27. dxe6 Nxb2 28. exf7+ Kf8 29. Qxb2 Qf6 30. Qxb4+ 1/2-1/2

[Event "Wednesday April 4 Engine Tour 9 Rd Swiss 12m+1s Starts at 1600hrs ST"]
[Site "Infinity Chess"]
[Date "2018.4.4"]
[Round "9"]
[White "Mr Aj"]
[Black "MarioDeMonti"]
[Result "1/2-1/2"]
[ECO "E10"]
[WhiteElo "2428"]
[BlackElo "2505"]
[WhiteEngine "Houdini 6"]
[BlackEngine "stockfish_x64_bmi2_2018_02_18_CTG"]
[EventType "Swiss"]
[WhiteTeam ""]
[BlackTeam ""]
[PlyCount "137"]
[TimeControl "720+1"]

1. d4 Nf6 2. c4 e6 3. Nf3 d5 4. Nc3 c6 5. e3 Nbd7 6. h3 a6 7. a4 Bb4 8. Bd3 O-O 
9. O-O b6 10. Qb3 Qe7 11. Bd2 dxc4 12. Qxc4 c5 13. dxc5 Qxc5 14. Ne4 Qxc4 
15. Nxf6+ Nxf6 16. Bxc4 Bc5 17. Rfd1 Bb7 18. Ne5 Rfd8 19. Be2 Rac8 20. Rac1 g6 
21. Kf1 Bd6 22. Rxc8 Rxc8 23. Nc4 Bc7 24. Bc3 Ne4 25. Bd4 b5 26. axb5 axb5 
27. Ne5 b4 28. Bd3 Rd8 29. Bxe4 Bxe4 30. Ng4 f5 31. Nf6+ Kf7 32. Nxe4 fxe4 
33. Ke2 Rd5 34. Ra1 Ke8 35. Rc1 Bd6 36. Bh8 Rg5 37. g3 Kd7 38. Rc4 Rc5 
39. Rxc5 Bxc5 40. f3 Bd6 41. g4 exf3+ 42. Kxf3 e5 43. Ke4 Ke6 44. Bg7 h5 
45. b3 Bc5 46. Kd3 hxg4 47. hxg4 Ba7 48. e4 Bd4 49. Bf8 Kf6 50. Bxb4 Kg5 
51. Bc3 Bf2 52. Bxe5 Kxg4 53. Bd4 Be1 54. Kc4 g5 55. Bc5 Kh5 56. e5 g4 
57. Kd5 Kg6 58. e6 Bh4 59. Kc6 g3 60. e7 Kf7 61. Kd7 Bxe7 62. Bxe7 Kg6 
63. b4 Kf5 64. b5 Ke4 65. b6 Kd5 66. b7 g2 67. Bc5 Kxc5 68. b8=Q g1=Q 69. Qa7+ 
1/2-1/2

[Event "Wednesday April 4 Engine Tour 9 Rd Swiss 12m+1s Starts at 1600hrs ST"]
[Site "Infinity Chess"]
[Date "2018.4.4"]
[Round "9"]
[White "MCDermont"]
[Black "KRAKEN"]
[Result "1/2-1/2"]
[ECO "D30"]
[WhiteElo "2503"]
[BlackElo "2466"]
[WhiteEngine "BrainFish 010418 WM_CTG"]
[BlackEngine "Raubfisch ME262_GTZ17_CTG"]
[EventType "Swiss"]
[WhiteTeam ""]
[BlackTeam ""]
[PlyCount "103"]
[TimeControl "720+1"]

1. d4 d5 2. c4 e6 3. Nf3 Nf6 4. Nc3 c6 5. Bg5 h6 6. Bxf6 Qxf6 7. e3 Nd7 
8. Be2 g6 9. O-O Bg7 10. e4 dxe4 11. Nxe4 Qf4 12. Qc2 f5 13. Ned2 c5 14. g3 Qc7 
15. Nh4 Bxd4 16. Nxg6 Rg8 17. Nh4 Nf6 18. Ndf3 Rxg3+ 19. hxg3 Qxg3+ 20. Ng2 Ng4 
21. Qd2 Bxf2+ 22. Rxf2 Qxf2+ 23. Kh1 Bd7 24. Ne5 O-O-O 25. Nxg4 fxg4 26. Rd1 h5 
27. b3 b6 28. Qd3 Qf5 29. Kg1 Qxd3 30. Rxd3 Be8 31. Kf2 Rxd3 32. Bxd3 Kd8 
33. Kg3 Ke7 34. Nf4 Kf6 35. Kh4 Ke5 36. Ne2 Bf7 37. Bc2 Be8 38. Bb1 a6 
39. Bc2 b5 40. cxb5 Bxb5 41. Ng3 c4 42. bxc4 Bxc4 43. a3 Kd4 44. Bg6 Kc3 
45. a4 Kb4 46. Bc2 Bb3 47. Bxb3 Kxb3 48. a5 Kb4 49. Kxh5 Kxa5 50. Nf1 g3 
51. Nxg3 e5 52. Kg5 1/2-1/2

[Event "Wednesday April 4 Engine Tour 9 Rd Swiss 12m+1s Starts at 1600hrs ST"]
[Site "Infinity Chess"]
[Date "2018.4.4"]
[Round "9"]
[White "RonWeasley"]
[Black "ivrdurant"]
[Result "1/2-1/2 "]
[ECO "E32"]
[WhiteElo "2464"]
[BlackElo "2470"]
[WhiteEngine "BrainFish 010418 WM_CTG"]
[BlackEngine "Raubfisch X38"]
[EventType "Swiss"]
[WhiteTeam ""]
[BlackTeam ""]
[PlyCount "143"]
[TimeControl "720+1"]

1. d4 Nf6 2. c4 e6 3. Nc3 Bb4 4. Qc2 O-O 5. e4 d5 6. e5 Ne4 7. Bd3 c5 
8. Nf3 cxd4 9. Nxd4 Nd7 10. Bf4 Qh4 11. g3 Qh5 12. O-O g5 13. cxd5 Bxc3 
14. bxc3 exd5 15. Bxe4 dxe4 16. e6 gxf4 17. exd7 Bxd7 18. Qxe4 fxg3 19. fxg3 b6 
20. Nf5 Rae8 21. Ne7+ Kg7 22. Qd4+ f6 23. Rae1 Bh3 24. Rf4 Rd8 25. Rh4 Qf3 
26. Qe4 Qxe4 27. Rexe4 Rd1+ 28. Kf2 Bd7 29. Rd4 Rxd4 30. Rxd4 Be6 31. Nd5 Bxd5 
32. Rxd5 Rc8 33. Rd7+ Kg6 34. Rxa7 Rxc3 35. Re7 Ra3 36. Re2 b5 37. Rb2 b4 
38. Kg2 Kg5 39. Rxb4 Rxa2+ 40. Kh3 h5 41. Rb7 Kg6 42. Rb5 Ra3 43. Rb2 Ra5 
44. Rb4 Ra2 45. Rh4 Ra1 46. Rf4 Ra2 47. Rb4 Kg5 48. Rb6 f5 49. Rb1 Kg6 
50. Rb7 f4 51. Rb6+ Kf5 52. Rb5+ Ke4 53. Rb4+ Kf5 54. Rxf4+ Kg6 55. Rh4 Rb2 
56. Rf4 Re2 57. Rc4 Rb2 58. Rc8 Re2 59. Rc6+ Kg7 60. Rd6 Ra2 61. Re6 Rf2 
62. Re4 Rb2 63. Re5 Kg6 64. Re3 Rd2 65. Re4 Rf2 66. Ra4 Re2 67. Ra5 Rb2 
68. Ra6+ Kf5 69. Ra8 Rb4 70. Ra5+ Kg6 71. Ra6+ Kf5 72. Rc6 1/2-1/2

[Event "Wednesday April 4 Engine Tour 9 Rd Swiss 12m+1s Starts at 1600hrs ST"]
[Site "Infinity Chess"]
[Date "2018.4.4"]
[Round "9"]
[White "hafaba"]
[Black "Harry_Potter"]
[Result "1/2-1/2"]
[ECO "D30"]
[WhiteElo "2470"]
[BlackElo "2506"]
[WhiteEngine "Eman 1.70-beta13 64-bit POPCNT"]
[BlackEngine "asmFishW_2018-03-27_bmi2_CTG"]
[EventType "Swiss"]
[WhiteTeam ""]
[BlackTeam ""]
[PlyCount "156"]
[TimeControl "720+1"]

1. d4 d5 2. c4 e6 3. Nf3 Nf6 4. Nc3 c6 5. e3 Nbd7 6. Bd3 dxc4 7. Bxc4 b5 
8. Bd3 Bb7 9. e4 b4 10. Na4 c5 11. e5 Nd5 12. O-O cxd4 13. Re1 g6 14. Bg5 Qa5 
15. Nxd4 a6 16. Bd2 Bg7 17. a3 Nxe5 18. axb4 Qc7 19. Rc1 Qd6 20. Bf1 O-O 
21. Nc5 Qb6 22. Qa4 Rfb8 23. Qa3 Rd8 24. Qa5 Qa7 25. Ndb3 Qb8 26. h3 Nd7 
27. Nxd7 Rxd7 28. Nc5 Re7 29. Qa3 Qd6 30. Rc2 Rc7 31. Rec1 Bd4 32. Qf3 Qe7 
33. Qg3 Bf6 34. Bd3 Rcc8 35. Bf1 Rc7 36. b3 Bh4 37. Qd3 Bf6 38. Qg3 Rac8 
39. Bc4 Rd8 40. Ne4 Bh4 41. Qe5 h5 42. g3 Bf6 43. Nxf6+ Qxf6 44. Qxf6 Nxf6 
45. Bg5 Kg7 46. f3 Rcc8 47. Kf2 Rd7 48. Ra2 Nd5 49. b5 axb5 50. Bxb5 Rdc7 
51. Rxc7 Rxc7 52. Bc4 f6 53. Bd2 Kf7 54. Ra7 Ne7 55. Bf4 Rd7 56. Ba6 Bc8 
57. Rxd7 Bxd7 58. Bc4 g5 59. Bd6 h4 60. gxh4 Nf5 61. Bb8 gxh4 62. b4 Ke7 
63. f4 Nd6 64. Bf1 e5 65. fxe5 fxe5 66. Bc7 Be6 67. Bg2 Kd7 68. Bb8 Bc4 
69. Ba8 e4 70. Ke3 Be6 71. Bxd6 Kxd6 72. b5 Bxh3 73. b6 Bg2 74. b7 Kc7 
75. b8=Q+ Kxb8 76. Bxe4 Bf1 77. Kf4 Kc7 78. Bb1 Kd6 1/2-1/2

[Event "Wednesday April 4 Engine Tour 9 Rd Swiss 12m+1s Starts at 1600hrs ST"]
[Site "Infinity Chess"]
[Date "2018.4.4"]
[Round "9"]
[White "KillBill2017"]
[Black "Brtroy"]
[Result "1/2-1/2"]
[ECO "C53"]
[WhiteElo "2437"]
[BlackElo "2517"]
[WhiteEngine "Raubfisch ME262_GTZ17_CTG"]
[BlackEngine "Stockfish_18040103_x64_bmi2_CTG"]
[EventType "Swiss"]
[WhiteTeam ""]
[BlackTeam ""]
[PlyCount "98"]
[TimeControl "720+1"]

1. e4 e5 2. Nf3 Nc6 3. Bc4 Bc5 4. c3 Nf6 5. d3 a5 6. O-O d6 7. Bg5 Ba7 
8. Nbd2 h6 9. Bh4 g5 10. Bg3 Nd7 11. d4 h5 12. h4 f6 13. dxe5 Ndxe5 14. Bb5 Bd7 
15. hxg5 h4 16. Bxe5 fxe5 17. Rb1 Qe7 18. Kh1 O-O 19. b4 Rf4 20. bxa5 Kh8 
21. a6 bxa6 22. Bxa6 Raf8 23. Bb5 Qe8 24. Kh2 Kg7 25. a4 Bg4 26. Be2 Qh5 
27. Ng1 Qxg5 28. Bxg4 Rxg4 29. Nh3 Rxg2+ 30. Kh1 Qg4 31. Qxg4+ Rxg4 
32. Rg1 Rxg1+ 33. Rxg1+ Kh6 34. Rg2 Ne7 35. a5 Ng6 36. Kh2 Rb8 37. Nf3 Rb5 
38. Rg4 Rxa5 39. Nxh4 Nxh4 40. Rxh4+ Kg7 41. Kg3 Ra4 42. Ng5 Kf6 43. Kg4 Bxf2 
44. Rh6+ Kg7 45. Re6 Be3 46. Re7+ Kf6 47. Re6+ Kg7 48. Re7+ Kf6 49. Re6+ Kg7 
1/2-1/2

[Event "Wednesday April 4 Engine Tour 9 Rd Swiss 12m+1s Starts at 1600hrs ST"]
[Site "Infinity Chess"]
[Date "2018.4.4"]
[Round "8"]
[White "Thinker"]
[Black "MiKachomiKa QueeN"]
[Result "1/2-1/2"]
[ECO "C55"]
[WhiteElo "2440"]
[BlackElo "2424"]
[WhiteEngine "BrainFish_180329_x64_modern_CTG"]
[BlackEngine "BrainFish_180401_x64_modern"]
[EventType "Swiss"]
[WhiteTeam ""]
[BlackTeam ""]
[PlyCount "99"]
[TimeControl "720+1"]

1. e4 e5 2. Nf3 Nc6 3. Bc4 Nf6 4. d3 Bc5 5. c3 d6 6. O-O O-O 7. a4 a5 8. Re1 h6 
9. h3 Be6 10. Nbd2 Bxc4 11. Nxc4 Re8 12. Be3 Bxe3 13. Nxe3 b6 14. Qb3 Ne7 
15. g3 Qc8 16. Kg2 Qb7 17. Qa2 Nd7 18. b4 axb4 19. cxb4 b5 20. Qc2 bxa4 
21. Rxa4 Reb8 22. Rxa8 Rxa8 23. b5 Qb6 24. Rc1 Qxb5 25. Qxc7 Rc8 26. Rb1 Rxc7 
27. Rxb5 Nc5 28. Rb6 Rc6 29. Rb8+ Rc8 30. Rxc8+ Nxc8 31. Ne1 g6 32. Kf3 f6 
33. Nd5 Kf7 34. Ke3 f5 35. f3 Ne7 36. Nxe7 Kxe7 37. d4 exd4+ 38. Kxd4 fxe4 
39. fxe4 g5 40. Kd5 Na4 41. g4 Nc3+ 42. Kd4 Ne2+ 43. Ke3 Ng1 44. Nd3 Nxh3 
45. Kf3 Nf4 46. Nxf4 gxf4 47. Kxf4 Ke6 48. Kf3 Ke5 49. Ke3 Kf6 50. Kf4 1/2-1/2

[Event "Wednesday April 4 Engine Tour 9 Rd Swiss 12m+1s Starts at 1600hrs ST"]
[Site "Infinity Chess"]
[Date "2018.4.4"]
[Round "8"]
[White "Vimtiroba"]
[Black "ocirema"]
[Result "1/2-1/2"]
[ECO "C50"]
[WhiteElo "2400"]
[BlackElo "2412"]
[WhiteEngine "AsmFish@ ''A3''_CTG"]
[BlackEngine "asmFishW_2018-04-01_popcnt_CTG"]
[EventType "Swiss"]
[WhiteTeam ""]
[BlackTeam ""]
[PlyCount "100"]
[TimeControl "720+1"]

1. e4 e5 2. Nf3 Nc6 3. Bc4 Bc5 4. d3 Nf6 5. c3 a5 6. O-O d6 7. d4 Ba7 
8. dxe5 Nxe5 9. Nxe5 dxe5 10. Qxd8+ Kxd8 11. Nd2 Ke7 12. Nf3 Nd7 13. b3 f6 
14. Rd1 c6 15. a4 Rd8 16. Ba3+ Nc5 17. Kf1 Rb8 18. Rxd8 Kxd8 19. Nd2 Bd7 
20. Ke2 Kc7 21. h4 Rc8 22. g3 b5 23. Bf7 Nb7 24. axb5 cxb5 25. f3 Kb6 
26. Kd3 Kc7 27. Ke2 Kb8 28. Kd3 b4 29. cxb4 Bd4 30. Rc1 Rxc1 31. Bxc1 axb4 
32. Nc4 Bf2 33. Be3 Bxg3 34. h5 Nd8 35. Nb6 Bc6 36. Bc4 Bf4 37. Bxf4 exf4 
38. Bg8 Be8 39. h6 gxh6 40. Nd5 Bg6 41. Nxb4 Nf7 42. Nd5 Ng5 43. Nxf4 Nxf3 
44. Nd5 f5 45. exf5 Bxf5+ 46. Ke3 Ne1 47. Nf6 Kc7 48. Bxh7 Bxh7 49. Nxh7 h5 
50. Ng5 h4 1/2-1/2

[Event "Wednesday April 4 Engine Tour 9 Rd Swiss 12m+1s Starts at 1600hrs ST"]
[Site "Infinity Chess"]
[Date "2018.4.4"]
[Round "8"]
[White "CrapCleaner"]
[Black "Seliga"]
[Result "1/2-1/2"]
[ECO "C50"]
[WhiteElo "2418"]
[BlackElo "2465"]
[WhiteEngine "Raubfisch ME262_GTZ16e2_CTG"]
[BlackEngine "SF9 ''M24''_CTG"]
[EventType "Swiss"]
[WhiteTeam ""]
[BlackTeam ""]
[PlyCount "120"]
[TimeControl "720+1"]

1. e4 e5 2. Nf3 Nc6 3. Bc4 Bc5 4. O-O d6 5. d3 Nf6 6. c3 a5 7. Bg5 h6 8. Bh4 O-O 
9. a4 Be6 10. Nbd2 Qe7 11. Re1 g5 12. Bg3 Ne8 13. Bxe6 fxe6 14. Nc4 Qf7 
15. Qb3 Rb8 16. Rf1 Nf6 17. Qb5 Qe7 18. Rad1 Nh5 19. d4 exd4 20. Nxd4 Qe8 
21. Nxa5 Nxa5 22. Qxa5 Ra8 23. Qb5 Qxb5 24. axb5 Bb6 25. Rd2 Kf7 26. Nb3 e5 
27. Rfd1 Ke6 28. Rc2 Rf7 29. Re2 Raf8 30. Rf1 Ra8 31. Nd2 Ra4 32. Rfe1 g4 
33. Nb3 Nf4 34. Bxf4 exf4 35. Rd2 h5 36. h4 f3 37. Nd4+ Bxd4 38. Rxd4 Rxd4 
39. cxd4 g3 40. gxf3 Rxf3 41. Re2 gxf2+ 42. Rxf2 Rd3 43. d5+ Ke5 44. Rf5+ Kxe4 
45. Rxh5 b6 46. Kf2 Rd2+ 47. Kg3 Rxb2 48. Rh7 Rxb5 49. Rxc7 Rxd5 50. Re7+ Re5 
51. Rb7 b5 52. Rb6 b4 53. Rxb4+ Kf5 54. Rd4 Ke6 55. Kg4 d5 56. h5 Re4+ 
57. Rxe4+ dxe4 58. Kf4 Kf6 59. h6 Kg6 60. h7 Kxh7 1/2-1/2

[Event "Wednesday April 4 Engine Tour 9 Rd Swiss 12m+1s Starts at 1600hrs ST"]
[Site "Infinity Chess"]
[Date "2018.4.4"]
[Round "8"]
[White "KillBill2017"]
[Black "angriff"]
[Result "1-0"]
[ECO "C77"]
[WhiteElo "2422"]
[BlackElo "2391"]
[WhiteEngine "Raubfisch ME262_GTZ17_CTG"]
[BlackEngine "DracoREX 3.07 64BIT POPCNT_CTG"]
[EventType "Swiss"]
[WhiteTeam ""]
[BlackTeam ""]
[PlyCount "233"]
[TimeControl "720+1"]

1. e4 e5 2. Nf3 Nc6 3. Bb5 a6 4. Ba4 Nf6 5. O-O Be7 6. Re1 b5 7. Bb3 O-O 
8. a4 b4 9. a5 d6 10. c3 Rb8 11. Bc4 Nxe4 12. Bd5 Nxf2 13. Kxf2 Nxa5 14. cxb4 c6 
15. Ba2 Rxb4 16. d3 Qb6+ 17. Be3 Qb8 18. Nbd2 d5 19. Kg1 Bd6 20. Bxd5 cxd5 
21. Rxa5 Bb7 22. Kh1 Rc8 23. d4 e4 24. Nh4 Bf8 25. Nf5 Qc7 26. Ra2 Qb6 
27. b3 Rc7 28. Rc2 h6 29. Rxc7 Qxc7 30. Qg4 Kh7 31. Bf4 Qc8 32. Bd6 g6 
33. Bxf8 Qxf8 34. Ne3 Bc8 35. Qf4 Be6 36. h4 a5 37. Rf1 Qd8 38. Kg1 Qb6 
39. Nc2 Rb5 40. Qe5 Qb8 41. Ra1 Qxe5 42. dxe5 Rc5 43. Nd4 h5 44. Nf1 Rc3 
45. Rxa5 Rd3 46. Ra4 g5 47. hxg5 Kg6 48. Kf2 Kxg5 49. Ng3 Kf4 50. Nxh5+ Kxe5 
51. Nc6+ Kd6 52. Nd8 Ke5 53. Nc6+ Kd6 54. Nd8 Rd2+ 55. Kg3 Ke5 56. Nxe6 fxe6 
57. Ra6 Rb2 58. Ng7 Rxb3+ 59. Kg4 Kd4 60. Nxe6+ Ke3 61. Kf5 Rb8 62. Nc7 d4 
63. Nd5+ Kd3 64. Ra3+ Kc4 65. Nf4 e3 66. Ra4+ Kc3 67. Ke4 Re8+ 68. Kf3 Rf8 
69. g3 Rd8 70. Ne6 e2 71. Kxe2 d3+ 72. Ke1 Rd5 73. Nf4 d2+ 74. Kd1 Rd8 
75. Ra3+ Kc4 76. Re3 Rd6 77. Re4+ Kc3 78. Re6 Rd8 79. Re3+ Kc4 80. Ne6 Rc8 
81. Kxd2 Rg8 82. Ke2 Kd5 83. Kf3 Kd6 84. g4 Rh8 85. Kg3 Rh6 86. g5 Rxe6 
87. Rf3 Re4 88. Rf7 Re1 89. Kg4 Ke6 90. g6 Ra1 91. Kh5 Rc1 92. Kh6 Rg1 
93. Kh7 Rg2 94. Rf3 Rg1 95. g7 Rh1+ 96. Kg8 Ke7 97. Rf7+ Ke8 98. Rf4 Rh3 
99. Re4+ Kd7 100. Kf7 Rf3+ 101. Kg6 Rb3 102. Rg4 Rb8 103. Kf6 Kc6 104. g8=Q Rxg8 
105. Rxg8 Kc5 106. Rg4 Kd5 107. Rh4 Kd6 108. Rh5 Kd7 109. Rd5+ Kc6 110. Ke6 Kc7 
111. Rd6 Kc8 112. Rd7 Kb8 113. Kd6 Kc8 114. Kc6 Kb8 115. Rg7 Ka8 116. Kb6 Kb8 
117. Rg8# 1-0

[Event "Wednesday April 4 Engine Tour 9 Rd Swiss 12m+1s Starts at 1600hrs ST"]
[Site "Infinity Chess"]
[Date "2018.4.4"]
[Round "8"]
[White "Mr Aj"]
[Black "SkyPilot"]
[Result "1/2-1/2"]
[ECO "A06"]
[WhiteElo "2426"]
[BlackElo "2486"]
[WhiteEngine "Houdini 6"]
[BlackEngine "stockfish_x64_bmi2_2018_03_30_CTG"]
[EventType "Swiss"]
[WhiteTeam ""]
[BlackTeam ""]
[PlyCount "123"]
[TimeControl "720+1"]

1. Nf3 d5 2. d4 Nf6 3. c4 c6 4. e3 e6 5. Nc3 Nbd7 6. h3 a6 7. a4 Bb4 8. Bd3 O-O 
9. O-O b6 10. Qb3 Qe7 11. Bd2 dxc4 12. Qxc4 c5 13. dxc5 Qxc5 14. Ne4 Qxc4 
15. Nxf6+ Nxf6 16. Bxc4 Bc5 17. Rfd1 Bb7 18. Ne5 Rfd8 19. Be2 Rac8 20. Rac1 g6 
21. Kf1 Bd6 22. Rxc8 Rxc8 23. Nc4 Bc7 24. Bc3 Ne4 25. Bd4 b5 26. axb5 axb5 
27. Ne5 b4 28. Bd3 Rd8 29. Bxe4 Bxe4 30. Ng4 f5 31. Nf6+ Kf7 32. Nxe4 fxe4 
33. Ke2 Rd5 34. Ra1 Ke8 35. Rc1 Bd6 36. Bh8 Rg5 37. g3 Kd7 38. Rc4 Rc5 
39. Rxc5 Bxc5 40. f3 Bd6 41. g4 exf3+ 42. Kxf3 b3 43. Ke4 Kc6 44. Kd3 Kb5 
45. Kc3 Ka4 46. Kc4 h5 47. e4 hxg4 48. hxg4 Bf8 49. Bd4 Bd6 50. Kd3 Kb5 
51. Bf6 Ka4 52. e5 Bc5 53. Kc4 Bf2 54. g5 Be1 55. Be7 Bd2 56. Bf6 Be3 
57. Be7 Bc1 58. Kc3 Bf4 59. Bf6 Bc1 60. Be7 Bf4 61. Bf6 Bc1 62. Be7 1/2-1/2

[Event "Wednesday April 4 Engine Tour 9 Rd Swiss 12m+1s Starts at 1600hrs ST"]
[Site "Infinity Chess"]
[Date "2018.4.4"]
[Round "8"]
[White "KRAKEN"]
[Black "THE_MACHINE"]
[Result "1/2-1/2"]
[ECO "D30"]
[WhiteElo "2465"]
[BlackElo "2491"]
[WhiteEngine "Raubfisch ME262_GTZ17_CTG"]
[BlackEngine "BrainFish_180401_x64_bmi2"]
[EventType "Swiss"]
[WhiteTeam ""]
[BlackTeam ""]
[PlyCount "136"]
[TimeControl "720+1"]

1. d4 d5 2. c4 e6 3. Nf3 Nf6 4. Nc3 dxc4 5. e4 Bb4 6. Bg5 c5 7. Bxc4 cxd4 
8. Nxd4 Bxc3+ 9. bxc3 Qa5 10. Bb5+ Bd7 11. Bxf6 gxf6 12. Bxd7+ Nxd7 13. O-O a6 
14. Rb1 Qc7 15. Qh5 Nc5 16. Rb4 Qe5 17. Qh4 Rd8 18. Rfb1 h5 19. Rc4 Qxe4 
20. Qxe4 Nxe4 21. Nxe6 fxe6 22. Rxe4 Rd6 23. h3 Rh7 24. Rf4 f5 25. Rfb4 Rdd7 
26. Re1 Rd6 27. a4 Rc7 28. Rh4 Rh7 29. Rb4 Rg7 30. Kh2 Rc7 31. Rh4 Kf7 
32. Rxh5 Kg6 33. Rh8 Rxc3 34. h4 Rc4 35. a5 Kg7 36. Rh5 Kg6 37. Rh8 Kg7 
38. Rh5 Ra4 39. Re3 Rxa5 40. f4 Kf6 41. Rh6+ Kg7 42. Rexe6 Rxe6 43. Rxe6 Kf7 
44. Rd6 Rb5 45. Rd8 a5 46. Ra8 Kg6 47. g3 Kh7 48. Kg2 Kg6 49. Kh3 Kh5 50. Kg2 b6 
51. Kh3 Rb2 52. Rb8 a4 53. Rh8+ Kg6 54. h5+ Kg7 55. Ra8 Ra2 56. g4 fxg4+ 
57. Kh4 a3 58. Kxg4 b5 59. Ra6 b4 60. Ra7+ Kf6 61. Ra6+ Kg7 62. h6+ Kh8 
63. Ra8+ Kh7 64. Kg5 b3 65. Ra7+ Kh8 66. Ra8+ Kh7 67. Ra7+ Kh8 68. Ra8+ Kh7 
1/2-1/2

[Event "Wednesday April 4 Engine Tour 9 Rd Swiss 12m+1s Starts at 1600hrs ST"]
[Site "Infinity Chess"]
[Date "2018.4.4"]
[Round "8"]
[White "MCDermont"]
[Black "Marsell"]
[Result "1/2-1/2 "]
[ECO "D11"]
[WhiteElo "2504"]
[BlackElo "2473"]
[WhiteEngine "BrainFish 010418 WM_CTG"]
[BlackEngine "asmFishW_2018-04-02_bmi2"]
[EventType "Swiss"]
[WhiteTeam ""]
[BlackTeam ""]
[PlyCount "255"]
[TimeControl "720+1"]

1. d4 d5 2. c4 c6 3. Nf3 Nf6 4. e3 e6 5. b3 c5 6. Bb2 cxd4 7. Nxd4 e5 8. Nf3 Nc6 
9. a3 Bd6 10. Nbd2 Be6 11. cxd5 Bxd5 12. Bc4 Qe7 13. b4 O-O 14. Bxd5 Nxd5 
15. Qb3 Nf6 16. O-O Rad8 17. Rad1 a6 18. h3 e4 19. Nh4 Bc7 20. Nf5 Qe6 
21. Qxe6 fxe6 22. Nd4 Nxd4 23. Bxd4 e5 24. Bb2 Kf7 25. Nb3 b6 26. Rc1 Bb8 
27. Rc2 Rd5 28. Nd2 Rfd8 29. Rd1 Bd6 30. Kf1 a5 31. bxa5 bxa5 32. Ke2 Ke6 
33. Rc6 Kf7 34. g4 h6 35. Rc2 Ke6 36. Rc6 Kf7 37. Ra6 Rd7 38. Bc3 Bxa3 
39. Rxa5 Rxa5 40. Bxa5 Ke6 41. Rb1 Be7 42. Rb6+ Rd6 43. Rb7 Rd7 44. Rb8 Ra7 
45. Rb5 Ra6 46. Kf1 Rc6 47. Bb4 Bxb4 48. Rxb4 h5 49. gxh5 Kf5 50. Kg2 Ra6 
51. Rb5 Nxh5 52. Rb7 Re6 53. Kg1 Rc6 54. Rb4 Nf6 55. Kg2 Ra6 56. Kg3 Ra2 
57. Nc4 Ke6 58. Rb8 Ra6 59. Rc8 g6 60. Kg2 g5 61. Rc7 Kf5 62. Rc5 Nd7 
63. Rb5 Rc6 64. Rb4 Nf6 65. Nd2 Nd5 66. Rb3 Nf6 67. Rb5 Nh5 68. Rb8 Nf6 
69. Nf1 Nh5 70. Rb5 Rd6 71. Rc5 Kf6 72. Nh2 Kf5 73. Rb5 Re6 74. Rb8 Nf6 
75. Nf1 Nh5 76. Rf8+ Kg6 77. Nh2 Nf6 78. Ng4 Kf5 79. Kg3 Rd6 80. Kh2 Re6 
81. Kg3 Kg6 82. Ra8 Nh5+ 83. Kg2 Nf6 84. Ra7 Kf5 85. Nh6+ Kg6 86. Ng4 Nh5 
87. Ra5 Kf5 88. Ra4 Rc6 89. Ra7 Re6 90. Rf7+ Kg6 91. Rc7 Kf5 92. Rh7 Nf6 
93. Rf7 Kg6 94. Rc7 Kf5 95. Nh6+ Kg6 96. Ng4 Kf5 97. Nh2 Ra6 98. Kg3 Re6 
99. Nf1 Nh5+ 100. Kg2 Rd6 101. Rc5 Ra6 102. Kg1 Rd6 103. Rc7 Rd1 104. Kg2 Rd6 
105. Rc2 Kf6 106. Ng3 Nxg3 107. Kxg3 Kf5 108. Rc5 Rd2 109. Ra5 Ke6 110. Rc5 Kf5 
111. Rc1 Ra2 112. Rf1 Ra3 113. Rb1 Ra7 114. Rb4 Ra8 115. Kh2 Ra3 116. Rb5 Kf6 
117. Rc5 Ra8 118. Kg3 Ra2 119. Rc6+ Kf5 120. Rc7 Re2 121. Rf7+ Kg6 122. Rf8 Rd2 
123. Rg8+ Kf5 124. Re8 Ra2 125. Rc8 Ra1 126. Re8 Rg1+ 127. Kh2 Rc1 128. Rg8 
1/2-1/2

[Event "Wednesday April 4 Engine Tour 9 Rd Swiss 12m+1s Starts at 1600hrs ST"]
[Site "Infinity Chess"]
[Date "2018.4.4"]
[Round "8"]
[White "MarioDeMonti"]
[Black "hafaba"]
[Result "1/2-1/2 "]
[ECO "A50"]
[WhiteElo "2506"]
[BlackElo "2469"]
[WhiteEngine "stockfish_x64_bmi2_2018_02_18_CTG"]
[BlackEngine "Eman 1.70-beta13 64-bit POPCNT"]
[EventType "Swiss"]
[WhiteTeam ""]
[BlackTeam ""]
[PlyCount "101"]
[TimeControl "720+1"]

1. d4 Nf6 2. c4 c6 3. Nc3 d5 4. Nf3 e6 5. Bg5 h6 6. Bh4 dxc4 7. e4 g5 8. Bg3 b5 
9. Be2 Bb7 10. h4 g4 11. Ne5 Nbd7 12. Nxd7 Qxd7 13. Be5 Qe7 14. O-O Rg8 
15. b3 b4 16. Na4 c3 17. Qd3 Nd7 18. Bg3 a5 19. a3 h5 20. Rfd1 Rg7 21. Qc2 Rg6 
22. Bc4 Qf6 23. Qe2 Qe7 24. e5 Bh6 25. Bd3 Rg8 26. axb4 axb4 27. Be4 Kf8 
28. Qc4 Kg7 29. Nc5 Nxc5 30. dxc5 Rgd8 31. Qxb4 Rxd1+ 32. Rxd1 Bd2 33. Rxd2 cxd2 
34. Qxd2 Qd8 35. Qc1 Ra2 36. Bf4 f5 37. exf6+ Qxf6 38. Bb1 Ra1 39. Bg5 Qe5 
40. Bf4 Qf6 41. g3 Kf7 42. Bg5 Qe5 43. b4 Ke8 44. Kh2 Kf7 45. Qd1 Bc8 
46. Qc1 Bb7 47. Kg1 Ba6 48. Qd1 Qf5 49. Qd7+ Kg8 50. Qd8+ Kf7 51. Qe7+ 1/2-1/2